Map: Dédale EC

Players

oskar

  • Race: Protoss Protoss
  • League: Diamond
  • Spawn Location: 1:00

HoldTheDoor - Winner!

  • Race: Protoss Protoss
  • League: Diamond
  • Spawn Location: 7:00

VOD

Have the link to the VOD?

Description

Time

  • Played on: July 2, 2018, 12:32 p.m.
  • Length: 19:12
Show
View Real Time Build Order
Export as new Build Order

oskar Protoss 

Build Orders:  

Get SALT Encoding   

  12  0:00  Probe  
  13  0:08  Probe  
  14  0:18  Probe  
  15  0:24  Pylon  
  15  0:29  Assimilator  
  15  0:42  Probe  
  16  0:53  Probe, Gateway  
  17  1:01  Probe  
  17  1:06  Assimilator  
  17  1:09  Probe  
  19  1:26  Probe  
  20  1:35  Pylon  
  20  1:39  Probe  
  21  1:40  Cybernetics Core  
  21  1:51  Probe  
  22  2:03  Probe  
  23  2:18  Robotics Facility  
  23  2:19  Robotics Facility  
  23  2:25  Adept  
  25  3:05  Immortal  
  29  3:14  Pylon  
  29  3:17  Stalker  
  31  3:27  Gateway  
  31  3:32  Immortal  
  35  3:35  Shield Battery  
  35  3:37  Shield Battery  
  35  3:44  Immortal  
  39  4:00  Warp Gate  
  39  4:26  Pylon  
  39  4:37  Stalker  
  39  4:44  Immortal  
  41  4:47  Immortal  
  37  5:03  Stalker  
  37  5:06  Gateway  
  35  5:09  Stalker  
  27  5:57  Nexus  
  26  6:14  Stalker x2  
  26  6:15  Stalker, Pylon  
  32  6:25  Gateway  
  32  6:26  Pylon  
  32  6:34  Probe  
  33  6:45  Twilight Council  
  33  6:52  Probe  
  34  6:56  Stalker  
  36  7:04  Probe  
  37  7:10  Gateway  
  37  7:15  Probe  
  38  7:16  Probe  
  39  7:23  Templar Archives  
  39  7:28  Probe  
  37  7:37  Stalker  
  37  7:40  Probe  
  37  7:44  Probe  
  41  7:52  Probe  
  41  7:56  Probe  
  43  7:59  Assimilator  
  43  8:01  Assimilator, High Templar x2  
  43  8:04  Probe  
  43  8:05  Archon  
  48  8:07  High Templar  
  48  8:08  Probe  
  51  8:17  Probe, Gateway  
  52  8:34  Gateway  
  52  8:35  Gateway  
  52  8:37  Gateway  
  51  8:55  Probe  
  51  8:59  High Templar x3  
  58  9:06  Archon  
  58  9:07  Archon  
  43  9:45  Nexus  
  41  9:58  Pylon  
  41  10:05  Pylon  
  41  10:12  Pylon  
  41  10:21  Forge x2  
  41  10:30  High Templar x3  
  41  10:34  Archon  
  47  10:36  High Templar  
  47  10:40  Protoss Ground Weapons Level 1  
  47  10:42  High Templar  
  51  10:44  Archon  
  51  10:53  High Templar  
  53  10:57  Archon  
  53  11:16  Probe x2  
  55  11:20  Protoss Ground Armor Level 1  
  55  11:28  Probe x2  
  55  11:29  Nexus  
  57  11:40  Probe x2  
  57  11:43  High Templar  
  57  11:46  High Templar  
  63  11:52  Archon  
  63  11:58  Robotics Facility, Probe  
  64  12:06  High Templar  
  66  12:19  High Templar  
  68  12:23  Archon  
  68  12:30  Protoss Shields Level 1  
  68  12:31  Probe x2  
  70  12:43  Probe x2  
  72  12:47  Observer  
  73  12:55  Probe  
  73  12:57  Probe  
  73  12:58  Protoss Ground Armor Level 2, Probe  
  76  12:59  Dark Shrine  
  76  13:03  Assimilator  
  76  13:07  Assimilator, Probe, Charge  
  76  13:08  Zealot  
  76  13:09  Probe, Zealot x3  
  76  13:10  Probe  
  87  13:14  Warp Prism  
  87  13:19  Probe  
  90  13:24  Zealot  
  92  13:41  Pylon  
  92  13:42  Pylon  
  92  13:44  Probe, Pylon  
  92  13:45  Pylon  
  93  13:56  Pylon  
  93  13:58  Pylon  
  93  13:59  Probe x3  
  93  14:01  Pylon  
  96  14:06  High Templar x4  
  104  14:11  Probe, Archon x2  
  105  14:18  Pylon  
  105  14:20  Protoss Ground Weapons Level 2  
  105  14:25  Immortal  
  105  14:27  Probe x2  
  105  14:28  Probe  
  112  14:34  Dark Templar x2  
  116  14:41  Dark Templar  
  118  14:49  Dark Templar  
  120  15:21  Gateway x2  
  120  15:23  Nexus  
  120  15:24  Pylon  
  120  15:25  Assimilator, Pylon  
  120  15:27  Assimilator  
  120  16:06  Zealot  
  120  16:07  Zealot x6  
  110  16:36  High Templar x7  
  124  16:52  Archon x2  
  124  16:53  Archon  
  108  16:54  High Templar x2  
  86  17:09  Archon  
  86  17:10  Stalker x4  
  86  17:11  Stalker x3  
  99  17:30  Stalker x2  
  99  17:38  Stalker  
  99  17:39  Stalker x6  
  67  17:52  Stalker  
  67  17:53  Stalker x5  
  68  18:17  High Templar x5  
  78  18:30  Archon x2  
  78  18:38  Zealot  
  80  18:59  Zealot x6  
  92  19:07  Nexus  
Show
View Real Time Build Order
Export as new Build Order

HoldTheDoor Protoss - Winner!

Build Orders: Oracle Opening 

Get SALT Encoding   

  12  0:01  Probe  
  13  0:13  Probe  
  14  0:17  Pylon  
  14  0:25  Probe  
  15  0:36  Probe  
  15  0:42  Gateway  
  16  0:44  Probe  
  16  0:47  Assimilator  
  17  0:52  Probe  
  17  0:53  Assimilator  
  18  1:03  Probe  
  19  1:12  Gateway  
  19  1:15  Probe  
  20  1:27  Probe  
  20  1:29  Cybernetics Core  
  21  1:34  Pylon  
  22  1:40  Probe  
  22  1:52  Probe  
  23  2:04  Probe  
  24  2:12  Stalker x2  
  28  2:16  Probe  
  28  2:19  Stargate  
  28  2:20  Warp Gate  
  29  2:28  Probe  
  30  2:41  Pylon  
  30  2:57  Stalker  
  31  2:59  Stalker  
  31  3:03  Oracle  
  36  3:23  Shield Battery  
  36  3:27  Pylon  
  36  3:34  Stalker  
  38  3:44  Pylon  
  38  3:45  Stalker  
  40  3:59  Probe  
  40  4:01  Void Ray  
  45  4:11  Pylon  
  44  4:39  Stalker x2  
  32  5:02  Void Ray  
  32  5:05  Probe  
  32  5:17  Probe  
  32  5:18  Stalker x2  
  32  5:20  Pylon  
  41  5:29  Probe  
  40  5:37  Void Ray  
  42  5:53  Stalker x2  
  44  6:18  Stalker x2  
  48  6:24  Nexus  
  48  6:40  Gateway  
  48  6:41  Void Ray  
  48  6:42  Gateway  
  48  6:44  Pylon  
  48  6:46  Pylon  
  52  6:59  Pylon  
  52  7:02  Forge  
  52  7:13  Probe  
  53  7:25  Probe  
  54  7:36  Protoss Ground Weapons Level 1  
  54  7:43  Stalker x2  
  58  7:50  Probe x2  
  60  7:55  Assimilator  
  60  7:57  Assimilator  
  60  8:00  Pylon  
  60  8:02  Probe  
  61  8:14  Zealot x2  
  63  9:24  Protoss Ground Armor Level 1  
  41  9:45  Void Ray  
  40  9:51  Pylon  
  40  9:52  Fleet Beacon  
  40  9:53  Probe  
  40  9:54  Probe  
  42  10:02  Zealot x4  
  42  10:05  Probe  
  42  10:06  Probe  
  52  10:08  Gateway  
  52  10:10  Gateway  
  52  10:12  Gateway  
  52  10:25  Nexus, Probe x2  
  54  10:29  Pylon  
  54  10:30  Pylon  
  54  10:31  Pylon  
  54  10:35  Carrier  
  54  10:36  Zealot x4  
  62  10:45  Protoss Air Weapons Level 1  
  68  10:52  Graviton Catapult  
  68  10:54  Probe, Protoss Shields Level 1  
  68  10:56  Probe  
  70  11:06  Probe  
  71  11:19  Twilight Council  
  71  11:20  Probe  
  71  11:22  Probe  
  73  11:32  Probe  
  74  11:34  Probe  
  74  11:36  Assimilator  
  75  11:40  Assimilator  
  75  11:41  Probe  
  75  11:44  Probe  
  75  11:46  Probe  
  75  11:47  Zealot  
  80  11:48  Pylon  
  80  11:54  Probe  
  80  11:55  Carrier  
  80  11:56  Probe  
  82  12:03  Pylon  
  88  12:10  Probe x2  
  88  12:11  Probe  
  91  12:16  Protoss Air Armor Level 1  
  91  12:21  Charge  
  91  12:22  Probe x2  
  93  12:23  Stargate  
  93  12:28  Zealot x2  
  93  12:29  Zealot  
  99  12:32  Protoss Ground Weapons Level 2  
  99  12:38  Probe x2  
  99  12:39  Probe  
  102  12:50  Probe  
  102  12:51  Probe x2  
  104  12:53  Stalker x3  
  111  13:10  Carrier  
  117  13:20  Probe, Carrier  
  117  13:21  Probe  
  125  13:28  Zealot x4  
  133  13:47  Pylon  
  133  13:48  Probe  
  134  13:50  Zealot x3  
  134  13:51  Zealot x3  
  134  13:52  Zealot  
  134  13:55  Protoss Air Weapons Level 2  
  148  14:00  Stargate  
  148  14:02  Stargate  
  148  14:06  Probe  
  149  14:15  Nexus  
  149  14:19  Pylon  
  149  14:23  Carrier  
  155  14:48  Protoss Ground Weapons Level 3  
  155  14:51  Carrier  
  155  14:59  Carrier  
  161  15:00  Carrier  
  173  15:15  Assimilator  
  173  15:20  Assimilator  
  173  15:22  Stalker x2  
  173  15:23  Stalker, Pylon  
  173  15:27  Pylon  
  179  15:32  Pylon  
  179  15:37  Zealot x4  
  187  15:53  Photon Cannon  
  187  15:54  Pylon  
  187  15:56  Shield Battery  
  187  15:59  Shield Battery, Zealot x4  
  144  16:35  Robotics Facility  
  144  16:40  Photon Cannon  
  144  16:42  Photon Cannon  
  144  16:44  Photon Cannon  
  144  16:46  Photon Cannon  
  144  16:49  Photon Cannon  
  130  17:10  Nexus  
  130  17:13  Pylon x2  
  130  17:21  Photon Cannon  
  130  17:26  Pylon  
  130  17:27  Observer  
  130  17:37  Gateway  
  130  17:43  Stalker  
  130  17:44  Stalker  
  124  17:49  Stalker  
  120  18:03  Zealot x2  
  124  18:21  Probe x2  
  124  18:25  Assimilator  
  126  18:30  Assimilator, Photon Cannon  
  126  18:33  Photon Cannon  
  126  18:34  Probe  
  127  18:54  Nexus  
Tags
 
Matchup
PvP
Spawn Locations
Cross Positions
Add a new tag
Caveats
  • Supply blocks, unpowered buildings, or Contaminate may cause inaccurate times.
  • Supply counts are checked every 10 seconds.